 Dungeon Crawl Stone Soup version 0.31-a0-236-g9a0961fb85 (webtiles) character file.

Game seed: 11042628312508899295

87 qw the Shooter (level 4, -3/36 HPs)
             Began as a Minotaur Hexslinger on July 9, 2023.
             Slain by a gnoll
             ... wielding a +0 spear
              (6 damage)
             ... on level 3 of the Dungeon.
             The game lasted 00:00:36 (1956 turns).

qw the Shooter (Minotaur Hexslinger)                Turns: 1956, Time: 00:00:37

Health: -3/36      AC:  7    Str: 13    XL:     4   Next: 28%
Magic:  4/4        EV: 12    Int: 10    God:
Gold:   158        SH:  0    Dex: 14    Spells: 4/5 levels left

rFire   + . .        Y - +1 sling
rCold   . . .        (no shield)
rNeg    . . .        j - +0 leather armour
rPois   .            (helmet restricted)
rElec   .            (no cloak)
rCorr   .            (no gloves)
SInv    .            (no boots)
Will    .....        (no amulet)
Stlth   +            g - +4 ring of protection
HPRegen 0.26/turn    d - ring of protection from fire
MPRegen 0.09/turn

%: no passive effects
@: no status effects
A: horns 2, retaliatory headbutt
a: no special abilities


You were on level 3 of the Dungeon.
You visited 1 branch of the dungeon, and saw 3 of its levels.

You collected 158 gold pieces.


Innate Abilities, Weirdness & Mutations

You have a pair of horns on your head.
You reflexively headbutt those who attack you in melee.


   Skills:
 - Level 2.0 Fighting
 + Level 4.8 Ranged Weapons
 - Level 2.1 Dodging
 - Level 1.0 Spellcasting
 - Level 2.0 Hexes


You had 4 spell levels left.
You knew the following spells:

 Your Spells              Type           Power      Damage    Failure   Level
a - Slow                  Hex            16%        N/A       19%         1

Your spell library contained the following spells:

 Spells                   Type           Power      Damage    Failure   Level
 Inner Flame              Hex/Fire       2%         N/A       65%         3
 Portal Projectile        Hex/Tloc       4%         N/A       65%         3
 Cause Fear               Hex            2%         N/A       88%         4

Inventory:

Hand Weapons
 Y - a +1 sling (weapon)
Armour
 j - a +0 leather armour (worn)
Jewellery
 d - a ring of protection from fire (right hand)
 g - a +4 ring of protection (left hand)
Scrolls
 a - a scroll of identify
 c - a scroll of fog {unknown}
Potions
 b - a potion of heal wounds {unknown}
 e - a potion of curing

Dungeon Overview and Level Annotations

Branches:
Dungeon (3/15)

Altars:


Message History

The gnoll is heavily wounded.
The gnoll hits you but does no damage.
The gnoll hits you with a +3 whip of holy wrath.
The gnoll hits you but does no damage. The gnoll closely misses you.
The gnoll misses you.
The gnoll hits you with a +3 whip of holy wrath!
You shoot a sling bullet. The sling bullet hits the gnoll.
The gnoll is almost dead.
The gnoll barely misses you. The gnoll hits you but does no damage.
The gnoll closely misses you.
You shoot a sling bullet. The sling bullet hits the gnoll.
You kill the gnoll!
The gnoll closely misses you. The gnoll barely misses you.
You shoot a sling bullet. The sling bullet hits the gnoll.
The gnoll is moderately wounded.
An endoplasm comes into view.
The gnoll closely misses you. The gnoll hits you but does no damage.
You shoot a sling bullet. The sling bullet hits the gnoll.
The gnoll is moderately wounded.
The gnoll hits you but does no damage. x2
You shoot a sling bullet.
The sling bullet hits the gnoll but does no damage.
The gnoll is moderately wounded.
The gnoll hits you but does no damage. The gnoll misses you.
You shoot a sling bullet. The sling bullet hits the gnoll!
The gnoll is almost dead.
The endoplasm freezes you.
You are frozen.
The gnoll hits you but does no damage.
The gnoll hits you from afar with a +0 spear!
The gnoll hits you but does no damage.
The endoplasm hits you but does no damage.
The gnoll completely misses you.
You shoot a sling bullet.
The sling bullet barely misses the gnoll.
The endoplasm freezes you.
You are frozen.
The gnoll barely misses you. x2
You shoot a sling bullet. The sling bullet hits the gnoll.
You kill the gnoll!
The gnoll hits you from afar with a +0 spear.
You die...

#.......
#.....##
#......###
#...#.....
#####..)......
#....(.###.##
#.####.# #.#
#.# #%# #@#
#.# #)Jg.# #.#
#........ #.#
####.####
##.## .# #...#
# #.#.# #...#
##.## #.#


You could see a gnoll and an endoplasm.

Vanquished Creatures
  A jelly (D:3)
  3 gnolls (D:3)
  2 worms (D:2)
  5 ball pythons
  2 bats
  2 endoplasms (D:2)
  3 giant cockroaches
  2 goblins
  A hobgoblin (D:1)
  3 quokkas
  2 frilled lizards (D:1)
  5 kobolds
  4 rats
35 creatures vanquished.

Notes
Turn   | Place    | Note
-------+----------+-------------------------------------------
     0 | D:1      | qw the Minotaur Hexslinger began the quest for the Orb.
     0 | D:1      | Reached XP level 1. HP: 16/16 MP: 1/1
     0 | D:1      | 0 ||| qw: Version: 0.3-a-51-g015441d
     0 | D:1      | 0 ||| qw: Game counter: 4395
     0 | D:1      | 0 ||| qw: Melee chars always use a shield: true
     0 | D:1      | 0 ||| qw: God list: Okawaru
     0 | D:1      | 0 ||| qw: Allow faded altars: false
     0 | D:1      | 0 ||| qw: Do Orc after clearing Dungeon:15 true
     0 | D:1      | 0 ||| qw: Do second Lair branch before Depths: true
     0 | D:1      | 0 ||| qw: Lair rune preference: random
     0 | D:1      | 0 ||| qw: Goals: Normal
     0 | D:1      | 0 ||| PLANNING D:1-11
   136 | D:1      | Reached skill level 3 in Ranged Weapons
   136 | D:1      | Reached XP level 2. HP: 16/23 MP: 2/2
   332 | D:1      | Found a faded altar of an unknown god.
   759 | D:1      | 759 ||| UPGRADING to +0 leather armour.
   769 | D:1      | 769 ||| DROPPING +0 robe.
   770 | D:1      | 770 ||| UPGRADING to +4 ring of protection.
   771 | D:1      | 771 ||| READING 2 scrolls labelled EQICZAESEA.
   772 | D:1      | 772 ||| READING scroll labelled HANIM VUSHIUXU.
   773 | D:1      | 773 ||| READING scroll labelled ROSONKAMIA.
   774 | D:1      | 774 ||| DRINKING 2 red potions.
   775 | D:1      | 775 ||| DROPPING scroll of poison.
   776 | D:1      | 776 ||| DROPPING potion of magic.
   962 | D:2      | Reached XP level 3. HP: 26/29 MP: 3/3
  1851 | D:2      | 1851 ||| UPGRADING to ring of protection from fire.
  1852 | D:2      | 1852 ||| READING 2 scrolls labelled LIASOPPEUNA.
  1853 | D:2      | 1853 ||| READING 3 scrolls labelled TIWOFI TIBRUYP.
  1854 | D:2      | 1854 ||| DRINKING 2 fuming golden potions.
  1855 | D:2      | 1855 ||| DROPPING scroll of amnesia.
  1856 | D:2      | 1856 ||| DROPPING 2 scrolls of revelation.
  1886 | D:3      | Reached skill level 4 in Ranged Weapons
  1939 | D:3      | Reached XP level 4. HP: 36/36 MP: 4/4
  1954 | D:3      | HP: 3/36 [gnoll/+0 spear (7)]
  1956 | D:3      | Slain by a gnoll

Levels and vault maps discovered:
D:1:      onia_arrival_pyramid, layout_loops_ring,
          dilly_ecumenical_altar_fadedgnrine, minmay_bisected
D:2:      layout_basic, serial_co_window_serial, co_window_corner_a,
          co_window_corner_a, co_window_corner_a, co_window_paths_a,
          co_window_corner_a, co_window_paths_b, co_window_paths_b,
          co_window_of_opportunity_a, co_window_corner_a,
          co_window_unsneaky_path_a, co_window_corner_b, co_window_2corner,
          co_window_corner_ca, glass_columns_a, glass_columns_a,
          glass_columns_a, glass_columns_a
D:3:      layout_loops_ring, chequers_serial_rivers_room_b, item_on_display_b

Skill      XL: |  1  2  3 |
---------------+----------+-----
Ranged Weapons | 3 4 |  4.8
Fighting       | 2 |  2.0
Dodging        | |  2.1
Spellcasting   | |  1.0
Hexes          | |  2.0

Action                     |  1- 3 |  4- 6 || total
---------------------------+-------+-------++-------
   Fire: Sling             |   116 |    14 ||   130
    Use: Scroll            |     5 |       ||     5
         Potion            |     2 |       ||     2
 Armour: Robe              |     7 |       ||     7
         Leather armour    |     9 |    13 ||    22
  Dodge: Dodged            |    34 |    14 ||    48

Table legend:
 A = Non-vault XP
 B = Vault XP
 C = Vault XP percentage of total XP
 D = Non-vault monster count
 E = Vault monster count
 F = Vault count percentage of total count
                 A         B        C        D         E       F
            +---------+---------+-------+---------+---------+-------
      Total |     136 |       3 |   2.2 |      33 |       2 |   5.7
            +---------+---------+-------+---------+---------+-------
        D:1 |      20 |       3 |  13.0 |      13 |       2 |  13.3
        D:2 |      25 |       0 |   0.0 |      11 |       0 |   0.0
        D:3 |      91 |       0 |   0.0 |       9 |       0 |   0.0
            +---------+---------+-------+---------+---------+-------
